 Dungeon Crawl Stone Soup version 0.21.0-3-g78d12a8 (webtiles) character file.

120 theanonym the Grave Robber (level 4, 0/36 HPs)
             Began as a Demigod Necromancer on Jan 14, 2018.
             Killed from afar by an orc wizard (9 damage)
             ... with a magic dart
             ... on level 3 of the Dungeon.
             The game lasted 00:04:27 (2330 turns).

theanonym the Grave Robber (Demigod Necromancer)    Turns: 2330, Time: 00:04:27

Health: 0/36       AC:  6    Str: 13    XL:     4   Next: 47%
Magic:  9/9        EV: 11    Int: 19    God:
Gold:   192        SH:  0    Dex: 16    Spells: 5/6 levels left

rFire    + . .     SeeInvis .   a - +0 long sword
rCold    . . .     Gourm    .   (no shield)
rNeg     . . .     Faith    .   f - +0 ring mail {7}
rPois    .         Spirit   .   (no helmet)
rElec    .         Reflect  .   (no cloak)
rCorr    .         Harm     .   (no gloves)
MR       .....                  o - +0 pair of boots
Stlth    +.........             (no amulet)
HPRegen  0.12/turn              d - ring of protection from fire {rF+}
MPRegen  0.11/turn              (no ring)

@: no status effects
A: high mp 1
a: no special abilities


Innate Abilities, Weirdness & Mutations

You have an increased reservoir of magic. (+10% MP)


   Skills:
 + Level 2.3 Fighting
 * Level 2.8 Long Blades
   Level 1.0 Axes
 - Level 1.7 Dodging
 - Level 1.7 Stealth
 - Level 1.7 Spellcasting
 - Level 3.6 Necromancy


You had 5 spell levels left.
You knew the following spells:

 Your Spells              Type           Power        Failure   Level  Hunger
a - Pain                  Necr           ###.         9%          1    #......

Skill      XL: |  1  2  3 |
---------------+----------+-----
Fighting       | 1 2 |  2.3
Axes           | 1 |  1.0
Long Blades    | 1 2 |  2.8
Dodging        | |  1.7
Stealth        | |  1.7
Spellcasting   | |  1.7
Necromancy     | |  3.6

Action                   |  1- 3 |  4- 6 || total
-------------------------+-------+-------++-------
Melee: Hand axe          |     3 |       ||     3
       Long sword        |    31 |    24 ||    55
       Great sword       |    17 |    23 ||    40
 Cast: Pain              |    34 |    10 ||    44
  Eat: Chunk             |     3 |     2 ||     5
Armor: Ring mail         |    35 |    31 ||    66
Dodge: Dodged            |    61 |    28 ||    89
       Rpst.: Long sword |    12 |     5 ||    17
       Great sword       |     3 |     7 ||    10

Inventory:

Hand Weapons
 a - a +0 long sword (weapon)
   (You found it on level 2 of the Dungeon)
 j - a +0 hunting sling of flaming
   (You took it off a goblin on level 2 of the Dungeon)
 n - a +0 great sword
   (You found it on level 2 of the Dungeon)
Missiles
 h - a throwing net (quivered)
Armour
 f - a +0 ring mail (worn) {7}
   (You found it on level 1 of the Dungeon)
 i - a +0 robe {0}
 o - a +0 pair of boots (worn)
   (You found it on level 2 of the Dungeon)
Jewellery
 d - a ring of protection from fire (left hand) {rF+}
   (You found it on level 2 of the Dungeon)
 q - an uncursed ring of protection from fire {rF+}
   (You took it off a goblin on level 2 of the Dungeon)
Scrolls
 c - 3 scrolls of amnesia {unknown}
 p - a scroll of teleportation {unknown}
Potions
 g - 2 potions of mutation {unknown}
 k - 2 potions of curing {unknown}
 m - a potion of might {unknown}
 r - a potion of degeneration {unknown}
Books
 b - a book of Necromancy
Comestibles
 e - 6 rations
 l - 3 chunks of flesh


You were on level 3 of the Dungeon.
You were not hungry.

You visited 1 branch of the dungeon, and saw 3 of its levels.

You collected 192 gold pieces.

Dungeon Overview and Level Annotations

Branches:
Dungeon (3/15)

###.######...#######
......รท............#.
#....................
##.................##
.....................
....####.......#####
##.## #.#.....# ...#
#.#.....###### ####
#........@{o(#
#.#....#####o#
#......# #)# ########
#o# #o# #s# #.# ...
..#


You could see 2 orcs.

Notes
Turn   | Place    | Note
-------+----------+-------------------------------------------
     0 | D:1      | theanonym the Demigod Necromancer began the quest for the Orb.
     0 | D:1      | Reached XP level 1. HP: 14/14 MP: 5/5
   373 | D:1      | Reached skill level 1 in Fighting
   469 | D:2      | Reached skill level 1 in Axes
   469 | D:2      | Reached XP level 2. HP: 20/23 MP: 5/7
   533 | D:2      | Reached skill level 1 in Long Blades
   607 | D:2      | HP: 7/23 [gnoll/whip (10)]
   612 | D:2      | Reached XP level 3. HP: 5/28 MP: 1/8
  1319 | D:2      | Reached skill level 2 in Long Blades
  1506 | D:2      | Reached skill level 2 in Fighting
  1641 | D:3      | Reached XP level 4. HP: 21/36 MP: 2/9
  1646 | D:3      | HP: 18/36 [poisoned by an adder]
  2114 | D:3      | HP: 18/36 [poisoned by an adder]
  2122 | D:3      | HP: 17/36 [poisoned by an adder]
  2317 | D:3      | HP: 17/36 [something/puff of flame (3)]
  2322 | D:3      | HP: 12/36 [something/puff of flame (4)]
  2329 | D:3      | HP: 8/36 [something/puff of flame (4)]
  2330 | D:3      | Killed from afar by an orc wizard

Vanquished Creatures
  A gnoll (D:2)
  6 adders
  A worm (D:2)
  A dart slug (D:2)
  2 leopard geckos
  7 orcs (D:3)
  A giant cockroach (D:1)
  2 hobgoblins
  2 jackals (D:2)
  2 kobolds
  A quokka (D:2)
  A ball python (D:1)
  6 bats
  2 frilled lizards
  6 goblins (D:2)
  6 rats
47 creatures vanquished.

Table legend:
 A = Turns spent in this place as a percentage of turns spent in the entire game.
 B = Non-inter-level travel turns spent in this place as a percentage of non-inter-level travel turns spent in the entire game.
 C = Inter-level travel turns spent in this place as a percentage of turns spent in this place.
 D = Turns resting spent in this place as a percentage of non-inter-level travel turns spent in this place.
 E = Turns spent auto-exploring this place as a percentage of non-inter-level travel turns spent in this place.
 F = Non-inter-level travel turns spent in this place divided by the number of levels of this place that you've seen.
                   A       B       C       D       E      F
               +-------+-------+-------+-------+-------+----------------------
         Total | 100.0 | 100.0 |   0.9 |  41.9 |  42.0 | 769.7
       Dungeon | 100.0 | 100.0 |   0.9 |  41.9 |  42.0 | 769.7
               +-------+-------+-------+-------+-------+----------------------
